 Dungeon Crawl Stone Soup version 0.28.0-47-ge53b351184 (webtiles) character file.

Game seed: 7925070695690129216

25 fictitious the Chopper (level 2, 0/23 (25) HPs)
             Began as a Palentonga Cinder Acolyte on May 9, 2022.
             Was a High Priest of Ignis.
             Succumbed to a kobold's poison
             ... on level 1 of the Dungeon.
             The game lasted 00:03:52 (1065 turns).

fictitious the Chopper (Palentonga Cinder Acolyte)  Turns: 1065, Time: 00:03:52

HP:   0/23 (25)     AC:  4    Str: 17    XL:     2   Next: 82%
MP:   1/3           EV:  9    Int: 14    God:    Ignis [*****.]
Gold: 0             SH:  0    Dex:  5    Spells: 1/3 levels left

rFire   + . .      SeeInvis +   a - -1 hand axe (flame)
rCold   . . .      Faith    .   (no shield)
rNeg    . . .      Spirit   .   g - +0 leather armour
rPois   .          Reflect  .   (no helmet)
rElec   .          Harm     .   (no cloak)
rCorr   .          Rampage  .   (no gloves)
Will    .....                   (no barding)
Stlth   +.........              (no amulet)
HPRegen 0.07/turn               (no ring)
MPRegen 0.08/turn               (no ring)

@: lethally poisoned (0 -> -28), drained
A: large, rugged brown scales 3, see invisible, deformed body, roll 1, armoured
tail
a: Rolling Charge, Renounce Religion, Fiery Armour, Foxfire Swarm, Rising Flame


You were on level 1 of the Dungeon.
You worshipped Ignis.
Ignis was extremely pleased with you.
You visited 1 branch of the dungeon, and saw 1 of its levels.

Inventory:

Hand Weapons
 a - a -1 hand axe of flaming (weapon)
 f - a +2 dagger of draining
Armour
 g - a +0 leather armour (worn)
Scrolls
 c - a scroll of identify {unknown}
 d - a scroll of blinking {unknown}
Potions
 b - a potion of degeneration {unknown}
 e - a potion of mutation {unknown}


   Skills:
 - Level 3.0 Fighting
 * Level 4.1 Axes
 - Level 1.0 Spellcasting
 - Level 2.4 Fire Magic


You had one spell level left.
You knew the following spells:

 Your Spells              Type           Power      Damage    Failure   Level
a - Scorch                Fire           14%        2d6       19%         2

Your spell library contained the following spells:

 Spells                   Type           Power      Damage    Failure   Level


Dungeon Overview and Level Annotations

Branches:
Dungeon (1/15)

Altars:
Sif Muna


Innate Abilities, Weirdness & Mutations

You are completely covered in rugged brown scales. (AC +3, +7% HP)
You have supernaturally acute eyesight. (SInv)
Armour fits poorly on your strangely shaped body.
You can roll at nearby foes to attack.
You have a long armoured tail.


Message History

Okay, then.
You see here a +0 robe.
You see here 17 arrows.
An endoplasm comes into view.
Found a spear.
Casting: Scorch (safe; 19% risk of failure)
Press: ? - help, Q - select action, (/) - cycle Dir - look around, f - activate
Okay, then.
Casting: Scorch (safe; 19% risk of failure)
Press: ? - help, Q - select action, (/) - cycle Dir - look around, f - activate Flames lash the endoplasm.
The endoplasm is severely wounded.
The endoplasm's fire resistance burns away.
You hear a shout!
A kobold comes into view. It is wielding a +1 whip of venom.
You hit the endoplasm. You burn the endoplasm.
You kill the endoplasm!
You hit the kobold but do no damage. The kobold hits you but does no damage.
You are poisoned.
You don't have enough magic to cast this spell.
You closely miss the kobold.
You feel sick.
The kobold hits you with a +1 whip of venom.
You are lethally poisoned!
You barely miss the kobold.
You feel very sick. The kobold hits you but does no damage.
You are more poisoned.
Okay, then.
Activating: Foxfire Swarm
Press: ? - help, Dir - look around, f - activate Flames leap up around you!
You feel very sick.
The kobold hits you with a +1 whip of venom.
* * * LOW HITPOINT WARNING * * *
You are more poisoned.
Your foxfire dissipates!
You die... .# ####.##.. # .# #.....#. # #.....# # ### .....# # .... ....# # ..... vvv

# ....)v#v# #
.....vK.########### #
.....v##@v........# # .....
#vv....)...#######
##########............[....
#........#..........#######
#.######.#..(.......# #.#
###.#..........# #.#
#..............# #.#
#..............# #.#
#........#.#####


You could see a kobold (ally target).

Vanquished Creatures
  2 ball pythons (D:1)
  5 endoplasms (D:1)
  A giant cockroach (D:1)
  2 jackals (D:1)
  2 quokkas (D:1)
  A bat (D:1)
  2 frilled lizards (D:1)
  5 kobolds (D:1)
  3 rats (D:1)
23 creatures vanquished.

Vanquished Creatures (others)
  A fungus (D:1)
  2 plants (D:1)
3 creatures vanquished.

Grand Total: 26 creatures vanquished

Notes
Turn   | Place    | Note
-------+----------+-------------------------------------------
     0 | D:1      | fictitious the Palentonga Cinder Acolyte began the quest
                  | for the Orb.
     0 | D:1      | Reached XP level 1. HP: 19/19 MP: 2/2
     2 | D:1      | Found a shimmering blue altar of Sif Muna.
    67 | D:1      | Reached XP level 2. HP: 21/25 MP: 3/3
   746 | D:1      | Reached skill level 4 in Axes
   893 | D:1      | Learned a level 2 spell: Scorch
  1065 | D:1      | Succumbed to a kobold's poison

Illustrated notes

Levels and vault maps discovered:
D:1:      sevenhm_arrival_forest_fort_small_6, layout_basic,
          shapermc_ecumenical_altar_rom_forum

Skill      XL: |  1  2 |
---------------+-------+-----
Axes           | 4 |  4.1
Fighting       | |  3.0
Spellcasting   | |  1.0
Fire Magic     | |  2.4

Action                   || total
-------------------------++-------
Melee: Hand axe          ||    71
       Tailslap          ||     4
 Cast: Scorch            ||     1
Invok: Foxfire Swarm     ||     1
 Abil: Rolling Charge    ||     4
Armor: Robe              ||    22
       Leather armour    ||     2
Dodge: Dodged            ||    32
